 Dungeon Crawl Stone Soup version 0.28-a0-1412-gf95308ed99 (webtiles) character file.

Game seed: 4775474287266839551

2916 tilp the Frost Mage (level 9, 39/39 HPs)
             Began as a Felid Ice Elementalist on Jan 6, 2022.
             Was a Believer of Vehumet.
             Quit the game on level 9 of the Dungeon.
             The game lasted 00:15:27 (12157 turns).

tilp the Frost Mage (Felid Ice Elementalist)       Turns: 12157, Time: 00:15:27

Health: 39/39      AC:  2    Str:  8    XL:     9   Next: 50%
Magic:  17/17      EV: 19    Int: 28    God:    Vehumet [**....]
Gold:   477        SH:  0    Dex: 14    Spells: 5/18 levels left
                                        Lives:  1   Deaths: 1

rFire   . . .      SeeInvis +     - Unarmed
rCold   . . .      Faith    .   (shield unavailable)
rNeg    + . .      Spirit   .   (armour unavailable)
rPois   .          Reflect  .   (helmet unavailable)
rElec   +          Harm     .   (cloak unavailable)
rCorr   .          Rampage  .   (gloves unavailable)
Will    ++...                   (boots unavailable)
Stlth   ++++......              (no amulet)
HPRegen 0.13/turn               x - ring "Koinaog" {rElec rN+ Will+ Str+4 Dex-2}
MPRegen 0.15/turn               f - +6 ring of intelligence

@: quick
A: very small, claws 1, fangs 3, see invisible, speed 1, shaggy fur 2, stealthy
paws, no weapons or thrown items, no armour, multi-lived
a: Renounce Religion


You were on level 9 of the Dungeon.
You worshipped Vehumet.
Vehumet was pleased with you.
You visited 2 branches of the dungeon, and saw 11 of its levels.

You collected 477 gold pieces.

Inventory:

Jewellery
 a - a +4 ring of slaying
 f - a +6 ring of intelligence (right paw)
 h - a ring of fire
 x - the ring "Koinaog" (left paw) {rElec rN+ Will+ Str+4 Dex-2}
   (You found it on level 10 of the Dungeon)

   [ring of willpower]

   Str:       It affects your strength (+4).
   Dex:       It affects your dexterity (-2).
   rElec:     It insulates you from electricity.
   rN:        It protects you from negative energy.
   Will:      It increases your willpower.
Wands
 m - a wand of digging (4)
 n - a wand of flame (31)
 p - a wand of acid (9)
 q - a wand of paralysis (3)
 r - a wand of iceblast (2)
Scrolls
 j - 4 scrolls of vulnerability
 l - 2 scrolls of blinking
 o - a scroll of immolation
 u - a scroll of magic mapping
 v - a scroll of enchant armour {unknown}
Potions
 b - 2 potions of heal wounds
 c - 2 potions of brilliance
 d - 7 potions of curing
 e - 2 potions of flight
 g - a potion of lignification
 i - 2 potions of attraction
 k - 3 potions of mutation
 s - a potion of cancellation {unknown}
 t - a potion of magic {unknown}
 w - a potion of haste {unknown}
 z - a potion of might {unknown}


   Skills:
 - Level 4.0 Fighting
 - Level 6.0 Dodging
 - Level 8.0 Stealth
 - Level 6.0 Unarmed Combat
 - Level 5.0 Spellcasting
 + Level 4.4 Conjurations
 + Level 9.3 Ice Magic
 - Level 4.0 Evocations


You had 5 spell levels left.
You knew the following spells:

 Your Spells              Type           Power      Damage    Failure   Level
a - Freeze                Ice            100%       1d11      1%          1
b - Frozen Ramparts       Ice            100%       1d12      1%          3
c - Ozocubu's Armour      Ice            56%        N/A       1%          3
d - Hailstorm             Conj/Ice       45%        3d10      4%          4
e - Ensorcelled Hibernat  Hex/Ice        66%        N/A       1%          2

Your spell library contained the following spells:

 Spells                   Type           Power      Damage    Failure   Level
 Sandblast                Erth           14%        2d6       7%          1
 Sublimation of Blood     Necr           7%         N/A       10%         2
 Inner Flame              Hex/Fire       7%         N/A       21%         3
 Spider Form              Tmut/Pois      7%         N/A       21%         3
 Iskenderun's Battlesphe  Conj           31%        2d8       30%         5
 Cause Fear               Hex            3%         N/A       54%         4
 Petrify                  Tmut/Erth      7%         N/A       54%         4
 Fireball                 Conj/Fire      9%         3d6       58%         5
 Irradiate                Conj/Tmut      9%         3d17      58%         5
 Blade Hands              Tmut           3%         N/A       88%         5
 Summon Forest            Summ/Tloc      3%         N/A       88%         5
 Conjure Ball Lightning   Conj/Air       9%         3x3d6     99%         6
 Eringya's Noxious Bog    Tmut/Pois      3%         N/A       100%        6
 Orb of Destruction       Conj           15%        9d7       100%        7
 Summon Hydra             Summ           3%         N/A       100%        7
 Discord                  Hex            3%         N/A       100%        8
 Portal Projectile        Hex/Tloc       Unusable   N/A       N/A         3
 Excruciating Wounds      Necr           Unusable   N/A       N/A         5

Dungeon Overview and Level Annotations

Branches:
Dungeon (10/15)            Temple (1/1) D:7            Lair (0/6) D:9
    Orc (0/2) D:9

Altars:
Ashenzari
Cheibriados
Dithmenos
Elyvilon
Fedhas
Gozag
Hepliaklqana
Kikubaaqudgha
Makhleb
Nemelex Xobeh
Okawaru
Qazlal
Ru
Sif Muna
Trog
Uskayaw
Vehumet
Wu Jian
Xom
Yredelemnul
Zin
The Shining One

Shops:
D:3 (

Annotations:
D:8 Harold
D:9 exclusion: wizard


Innate Abilities, Weirdness & Mutations

You have sharp claws.
You have razor-sharp teeth.
You have supernaturally acute eyesight. (SInv)
You cover ground quickly. (Speed+)
You are covered in thick fur. (AC +2)
Your paws help you pounce on unaware monsters.
You are incapable of wielding weapons or throwing items.
You cannot wear armour.
You gain extra lives every three experience levels.


Message History

The yak is moderately wounded.
The yak gores you!
* * * LOW HITPOINT WARNING * * *
You barely miss the yak.
The yak is moderately wounded.
The yak closely misses you.
Unknown command.
Your icy armour will break if you move.
Continue?
Your icy armour cracks and falls away as you move.
A wight comes into view. It is wielding a +3 scimitar.
A wight comes into view.
It is wielding a +4 mace and wearing a +0 robe of positive energy.
The wight moves out of view.
A wight comes into view. It is wielding a +0 trident.
A wight comes into view. It is wielding a +3 long sword.
There is a stone staircase leading up here.
The wight completely misses you.
You climb upwards.
Level annotation: exclusion: wizard
There is a stone staircase leading down here.
Okay, then.
Unknown command.
Casting: Hailstorm (dangerous; 4% risk of failure)
Confirm with . or Enter, or press ? or * to list all spells.
Okay, then.
Unknown command.
Casting: Hailstorm (dangerous; 4% risk of failure)
Confirm with . or Enter, or press ? or * to list all spells.
A film of ice covers your body! The wight hits you with a +3 scimitar.
* * * LOW HITPOINT WARNING * * *
You partially resist.
You feel drained.
Unknown command.
You closely miss the wight. The wight hits you with a +3 scimitar!
You die...
You partially resist.
You feel drained.
You are now level 9!
You rejoin the land of the living...
Unknown command.
Unknown command.
Partly explored, can't reach some places.
Are you sure you want to abandon this character and quit the game? (Confirm with "yes".)

########## .........#
########.# #.# #.# ###### #.#
#....# #.# #....#
########.######.@..#
...................#
########.#####.....#
########.#####.....##########
...........................>#
###############.............#
.......# ####.............#
.#####.#####.(..............#
................###.........#


There were no monsters in sight!

Vanquished Creatures
  Pikel (D:5)
  An ugly thing (D:8)
  A troll (D:9)
  2 hornets
  3 yaks (D:10)
  Grum (D:8)
  Duvessa (D:7)
  5 sky beasts
  An ice beast (D:7)
  3 orc warriors
  3 ogres
  2 necrophages
  3 centaurs
  2 wolves (D:8)
  2 phantoms
  A lemure (D:6)
  3 kobold brigands
  A gnoll sergeant (D:8)
  3 scorpions
  A water moccasin zombie (D:5)
  Dowan (D:7)
  A wyvern skeleton (D:5)
  A howler monkey (D:5)
  8 wights
  3 centaur zombies
  An orc priest (D:8)
  A hound (D:4)
  2 bullfrog skeletons
  2 centaur skeletons (D:7)
  4 iguanas
  Jessica (D:2)
  4 orc wizards
  Terence (D:2)
  12 gnolls
  A howler monkey skeleton (D:7)
  8 adders
  A white imp (D:8)
  2 ufetubi
  4 dart slugs
  3 worms
  28 orcs
  11 endoplasms
  A giant cockroach (D:4)
  2 goblins
  6 hobgoblins
  20 kobolds
  4 quokkas
  8 ball pythons
  6 bats
  4 frilled lizards
191 creatures vanquished.

Notes
Turn   | Place    | Note
-------+----------+-------------------------------------------
     0 | D:1      | tilp the Felid Ice Elementalist began the quest for the
                  | Orb.
     0 | D:1      | Reached XP level 1. HP: 7/7 MP: 4/4
   686 | D:1      | Reached XP level 2. HP: 8/11 MP: 1/6
   800 | D:1      | Reached skill level 4 in Ice Magic
  1044 | D:1      | Found a faded altar of an unknown god.
  1416 | D:2      | Noticed Terence
  1425 | D:2      | Killed Terence
  1426 | D:2      | Reached XP level 3. HP: 14/14 MP: 0/7
  1430 | D:2      | Learned a level 3 spell: Frozen Ramparts
  1899 | D:2      | Noticed Jessica
  1910 | D:2      | Killed Jessica
  1911 | D:2      | Reached XP level 4. HP: 12/18 MP: 2/9
  2308 | D:2      | Reached skill level 5 in Ice Magic
  2375 | D:2      | Identified the +1 chain mail of the Tarantula {rF+ rC+}
  2830 | D:3      | Identified the +6 spear of Lowaut {venom, Str+5 Dex-4}
  2843 | D:3      | Found a broken altar of Ashenzari.
  2964 | D:3      | Learned a level 3 spell: Ozocubu's Armour
  2967 | D:3      | Learned a level 2 spell: Ensorcelled Hibernation
  3150 | D:3      | Found Dyovuryr's Weapon Emporium.
  3501 | D:4      | Noticed a scorpion
  3509 | D:4      | Killed a scorpion
  3510 | D:4      | Reached XP level 5. HP: 11/21 MP: 4/10
  3931 | D:4      | Reached skill level 6 in Ice Magic
  3961 | D:4      | Gained mutation: You are covered in thick fur. (AC +2)
                  | [Felid growth]
  3961 | D:4      | Reached XP level 6. HP: 16/25 MP: 5/11
  4129 | D:4      | Reached skill level 1 in Fighting
  4129 | D:4      | Reached skill level 1 in Unarmed Combat
  5077 | D:5      | Entered Level 5 of the Dungeon
  5219 | D:5      | HP: 1/26 [ogre (25)]
  5221 | D:5      | Reached XP level 7. HP: 1/30 MP: 3/12
  5572 | D:5      | Reached skill level 5 in Stealth
  6207 | D:5      | Reached XP level 8. HP: 33/33 MP: 9/14
  6386 | D:6      | Noticed Pikel
  6620 | D:5      | Killed Pikel
  6621 | D:5      | Reached skill level 5 in Spellcasting
  6621 | D:5      | Reached skill level 7 in Ice Magic
  7031 | D:6      | Reached skill level 8 in Ice Magic
  7480 | D:6      | Reached XP level 9. HP: 37/37 MP: 14/17
  7950 | D:7      | Reached skill level 5 in Dodging
  7985 | D:7      | Found a staircase to the Ecumenical Temple.
  8030 | Temple   | Entered the Ecumenical Temple
  8446 | Temple   | Became a worshipper of Vehumet
  8746 | D:7      | Noticed Duvessa
  8746 | D:7      | Noticed Dowan
  8751 | D:7      | Killed Duvessa
  8752 | D:7      | Reached skill level 1 in Evocations
  8753 | D:7      | Killed Dowan
  8754 | D:7      | Reached skill level 5 in Unarmed Combat
  9193 | D:8      | Noticed a purple ugly thing
  9211 | D:8      | Killed a purple ugly thing
  9217 | D:8      | Learned a level 4 spell: Hailstorm
  9272 | D:8      | Noticed Grum
  9284 | D:8      | Reached skill level 1 in Conjurations
  9293 | D:8      | Killed Grum
  9294 | D:8      | Reached XP level 10. HP: 31/42 MP: 1/18
  9451 | D:8      | Reached * piety under Vehumet
  9451 | D:8      | Offered knowledge of Magic Dart by Vehumet.
 10288 | D:8      | Noticed Harold
 10867 | D:9      | Noticed a wizard
 10894 | D:9      | Found a staircase to the Lair.
 11237 | D:9      | Reached ** piety under Vehumet
 11238 | D:9      | Offered knowledge of Sandblast by Vehumet.
 11530 | D:9      | Reached skill level 9 in Ice Magic
 11789 | D:9      | Found a staircase to the Orcish Mines.
 11960 | D:10     | Entered Level 10 of the Dungeon
 12027 | D:10     | Found a white marble altar of Elyvilon.
 12057 | D:10     | Identified the ring "Koinaog" {rElec rN+ Will+ Str+4 Dex-2}
 12156 | D:9      | Slain by a wight
 12157 | D:9      | Reached XP level 9. HP: -1/36 MP: 9/17
 12157 | D:9      | Quit the game

Illustrated notes

Levels and vault maps discovered:
D:1:      evilmike_arrival_crescent, layout_basic,
          shapermc_ecumenical_altar_starsandcircs
D:2:      layout_basic, uniq_terence, uniq_jessica
D:3:      layout_loops_ring, mainiacjoe_overflow_alcove_4, serial_shops, shop
D:4:      minmay_recursive_quarters, layout_rooms
D:5:      layout_loops_ring
D:6:      layout_loops_ring, uniq_pikel
D:7:      layout_basic, minmay_temple_entry_junction_2, uniq_duvessa
D:8:      layout_cave_pods, uniq_harold, uniq_grum
D:9:      layout_basic, dpeg_oklobed_lair, hiddenorc1_lemuel,
          lightli_wizard_tower
D:10:     layout_big_octagon, nicolae_elyvilon_temple_path, serial_column_ruins,
          column_ruins_square_large, column_ruins_open_small_water,
          column_ruins_open_medium_water, column_ruins_columns_water,
          column_ruins_open_medium
Temple:   mainiacjoe_temple_cubbyholes

Skill      XL: |  1  2  3  4  5  6  7  8  9 10 |
---------------+-------------------------------+-----
Ice Magic      | 4 5 6 8 9 |  9.3
Spellcasting   | 3 5 |  5.0
Dodging        | 3 4 6 |  6.0
Stealth        | 3 4 6 8 |  8.0
Fighting       | 2 4 |  4.0
Unarmed Combat | 2 4 6 |  6.0
Evocations     | 4 |  4.0
Conjurations   | 1 4 |  4.4

Action                   |  1- 3 |  4- 6 |  7- 9 | 10-12 || total
-------------------------+-------+-------+-------+-------++-------
Melee: Unarmed           |     9 |    33 |   112 |    85 ||   239
       Bite              |       |     4 |    13 |     9 ||    26
       Punch             |       |       |     3 |     4 ||     7
 Cast: Freeze            |    28 |    41 |    23 |     7 ||    99
       Frozen Ramparts   |     2 |     8 |    10 |    10 ||    30
       Ensorcelled Hiber |       |     7 |    11 |     8 ||    26
       Ozocubu's Armour  |       |     2 |    16 |    10 ||    28
       Hailstorm         |       |       |     1 |    11 ||    12
Evoke: Wand              |       |       |     7 |       ||     7
  Use: Scroll            |     2 |     6 |     7 |     2 ||    17
 Stab: Sleeping          |     5 |    11 |    13 |     3 ||    32
       Paralysed         |       |       |     3 |       ||     3
Armor: Skin              |       |     7 |    21 |    19 ||    47
Dodge: Dodged            |    20 |    47 |   124 |    69 ||   260

Table legend: (Time is in decaauts)
 A = Elapsed time spent in this place.
 B = Non-inter-level travel time spent in this place.
 C = Inter-level travel time spent in this place.
 D = Time resting spent in this place.
 E = Time spent auto-exploring this place.
 F = Levels seen in this place.
 G = Mean time per level.
                   A        B        C        D        E       F      G
               +--------+--------+--------+--------+--------+-----+--------+
         Total |  10887 |  10497 |    390 |   1657 |   7555 |  11 |  989.7 |
       Dungeon |  10511 |  10196 |    315 |   1657 |   7256 |  10 | 1051.1 |
        Temple |    375 |    300 |     75 |      0 |    298 |   1 |  375.0 |
               +--------+--------+--------+--------+--------+-----+--------+

Top non-repeatable levels by time:
     D:5: 1517 daAuts
     D:4: 1501 daAuts
     D:8: 1429 daAuts
     D:1: 1193 daAuts
     D:2: 1131 daAuts
     D:9: 1009 daAuts
     D:6: 953 daAuts
     D:3: 824 daAuts
     D:7: 792 daAuts
  Temple: 375 daAuts
    D:10: 158 daAuts
